 Dungeon Crawl Stone Soup version 0.22-a0-880-gb7b0c8b (webtiles) character file.

436 poirepourri the Thaumaturge (level 6, -6/48 HPs)
             Began as a Deep Elf Conjurer on July 30, 2018.
             Was an Initiate of Vehumet.
             Killed from afar by Natasha (9 damage)
             ... with a magic dart
             ... on level 4 of the Dungeon.
             The game lasted 00:06:24 (3842 turns).

poirepourri the Thaumaturge (Deep Elf Conjurer)     Turns: 3842, Time: 00:06:25

Health: -6/48      AC: 23    Str:  7 (10) XL:     6   Next: 68%
Magic:  1/19       EV:  2    Int: 20 (22) God:    Vehumet [......]
Gold:   139        SH:  0    Dex: 13 (15) Spells: 3/21 levels left

rFire    . . .     SeeInvis .   a - +2 short sword
rCold    . . .     Gourm    .   (no shield)
rNeg     + + +     Faith    .   (armour currently unavailable)
rPois    +         Spirit   .   (helmet currently unavailable)
rElec    .         Reflect  .   (cloak currently unavailable)
rCorr    .         Harm     .   (gloves currently unavailable)
MR       .....     NoTele   +   (boots currently unavailable)
Stlth    ++........             (no amulet)
HPRegen  0.16/turn              n - ring of positive energy
MPRegen  0.16/turn              (no ring)

@: mighty, tree-form, slowed, very slow
A: no striking features
a: Renounce Religion


You were on level 4 of the Dungeon.
You worshipped Vehumet.
Vehumet was noncommittal.
You were not hungry.
You were a tree.
You visited 2 branches of the dungeon, and saw 5 of its levels.

You collected 139 gold pieces.

Inventory:

Hand Weapons
 a - a +2 short sword (weapon)
Missiles
 o - 4 tomahawks (quivered)
Armour
 d - a +0 robe (melded)
Jewellery
 n - a ring of positive energy (left branch)
Scrolls
 e - a scroll of identify
 g - a scroll of random uselessness {unknown}
 k - a scroll of magic mapping
 m - a scroll of fog {unknown}
 p - a scroll of remove curse {unknown}
 q - a scroll of immolation {unknown}
Potions
 b - 2 potions of agility
 i - a potion of flight
 t - a potion of haste
Comestibles
 c - 6 rations


   Skills:
 - Level 2.4 Dodging
 - Level 2.4 Stealth
 + Level 8.3 Spellcasting
 - Level 6.0 Conjurations


You had 3 spell levels left.
You knew the following spells:

 Your Spells              Type           Power        Failure   Level  Hunger
a - Magic Dart            Conj           ####         1%          1    None
b - Searing Ray           Conj           ####..       1%          2    None
c - Dazzling Spray        Conj/Hex       ###...       7%          3    None
d - Iskenderun's Mystic   Conj           ####....     7%          4    ###....
e - Force Lance           Conj/Tloc      ###.....     24%         4    ###....
f - Fulminant Prism       Conj/Hex       ###.......   24%         4    ###....

Your spell library contained the following spells:

 Spells                   Type           Power        Failure   Level  Hunger


Dungeon Overview and Level Annotations

Branches:
Dungeon (4/15)             Temple (1/1) D:4

Altars:
Ashenzari
Cheibriados
Dithmenos
Elyvilon
Fedhas
Gozag
Hepliaklqana
Kikubaaqudgha
Makhleb
Nemelex Xobeh
Okawaru
Qazlal
Ru
Sif Muna
Trog
Uskayaw
Vehumet
Wu Jian
Xom
Yredelemnul
Zin

Annotations:
D:4 Natasha


Message History

Confirm with . or Enter, or press ? or * to list all spells.
Aiming: Magic Dart (safe; 1% risk of failure)
Press: ? - help, Shift-Dir - straight line, f - orc
Aim: an orc, wielding a hand axe The magic dart hits the orc.
You kill the orc!
Vehumet accepts your kill.
Natasha, Servant of Life and Death comes into view.
Natasha hisses angrily.
Natasha stares at you and mumbles some strange words.
You feel as though you will be slow longer.
Natasha stares at you and mumbles some strange words.
The magic dart hits you!
* * * LOW HITPOINT WARNING * * *
It was a potion of degeneration.
There was something very wrong with that liquid.
You feel weakened.
You feel dopey.
You feel clumsy. Natasha casts a spell at you. The magic dart hits you!
You die...

.. #.# #.# # ##.#
#. ... #.##.#
#..#.##########
#....♣...[....#
#..#†########.# #
#)# #.# #.# #.# #h#
#.# #.# ####.# #..
#...## ... #.⌠.#
##.####...#########


You could see Natasha.

Vanquished Creatures
  An ogre (D:3)
  A water moccasin skeleton (D:4)
  A howler monkey (D:4)
  A hound (D:4)
  Natasha (twice) (D:4)
  A worker ant (D:4)
  Robin (D:4)
  4 adders
  5 worms
  A dart slug (D:2)
  2 leopard geckos
  7 orcs
  6 giant cockroaches
  15 hobgoblins
  3 jackals (D:3)
  A quokka (D:2)
  A ball python skeleton (D:4)
  5 bats
  3 frilled lizards
  18 goblins
  5 kobolds
  A leopard gecko skeleton (D:4)
  8 rats
93 creatures vanquished.

Notes
Turn   | Place    | Note
-------+----------+-------------------------------------------
     0 | D:1      | poirepourri the Deep Elf Conjurer began the quest for the Orb.
     0 | D:1      | Reached XP level 1. HP: 10/10 MP: 6/6
   268 | D:1      | Reached skill level 4 in Spellcasting
   268 | D:1      | Reached XP level 2. HP: 15/15 MP: 3/9
   276 | D:1      | Learned a level 2 spell: Searing Ray
   894 | D:2      | Reached XP level 3. HP: 19/19 MP: 7/11
  1030 | D:2      | Learned a level 3 spell: Dazzling Spray
  1043 | D:2      | Reached skill level 5 in Spellcasting
  1684 | D:2      | Reached XP level 4. HP: 24/24 MP: 11/13
  1824 | D:2      | Reached skill level 6 in Spellcasting
  2304 | D:3      | Reached skill level 5 in Conjurations
  2479 | D:3      | Noticed an ogre
  2485 | D:3      | Killed an ogre
  2485 | D:3      | Reached XP level 5. HP: 28/28 MP: 6/15
  2508 | D:3      | Learned a level 4 spell: Iskenderun's Mystic Blast
  2513 | D:3      | Learned a level 4 spell: Force Lance
  3189 | D:4      | Reached skill level 7 in Spellcasting
  3189 | D:4      | Reached XP level 6. HP: 32/32 MP: 11/18
  3195 | D:4      | Learned a level 4 spell: Fulminant Prism
  3307 | D:4      | Noticed Natasha
  3313 | D:4      | Killed Natasha
  3326 | D:4      | Noticed Robin
  3378 | D:4      | Killed Robin
  3497 | D:4      | Found a staircase to the Ecumenical Temple.
  3532 | Temple   | Entered the Ecumenical Temple
  3754 | Temple   | Became a worshipper of Vehumet
  3821 | D:4      | HP: 1/32 [worm (9)]
  3825 | D:4      | Noticed Natasha
  3831 | D:4      | Reached skill level 8 in Spellcasting
  3837 | D:4      | Killed Natasha
  3840 | D:4      | Noticed Natasha
  3842 | D:4      | Killed from afar by Natasha

Vault maps used:
D:1:      dpeg_arrival_fog
D:3:      serial_glass, glass_columns_c, glass_columns_b, glass_columns_a,
          glass_columns_a, glass_columns_c, glass_columns_a, glass_columns_c,
          glass_columns_a, due_unseen_surprise, st_stairs_4
D:4:      minmay_temple_entry_junction, first_ration, bh_chokoban,
          uniq_blork_the_orc, uniq_robin, uniq_natasha
Temple:   kilobyte_greek_temple

Skill      XL: |  1  2  3  4  5  6 |
---------------+-------------------+-----
Spellcasting   | 4 5 6 7 8 |  8.3
Conjurations   | 6 |  6.0
Dodging        | |  2.4
Stealth        | |  2.4

Action                   |  1- 3 |  4- 6 || total
-------------------------+-------+-------++-------
Melee: Short sword       |       |     5 ||     5
 Cast: Magic Dart        |    87 |    91 ||   178
       Searing Ray       |     1 |    15 ||    16
       Dazzling Spray    |       |     1 ||     1
  Use: Scroll            |       |     9 ||     9
       Potion            |       |     6 ||     6
  Eat: Ration            |     1 |     2 ||     3
Armor: Robe              |       |     2 ||     2
       Skin              |       |     3 ||     3
Dodge: Dodged            |    12 |    21 ||    33

Table legend:
 A = Spawn XP
 B = Non-spawn XP
 C = Spawn XP percentage of total XP
 D = Spawn monster count
 E = Non-spawn monster count
 F = Spawn count percentage of total count
 G = Total turns spent on level
                    A         B        C        D         E        F      G
               +---------+---------+-------+---------+---------+-------+---------
         Total |       0 |     623 |   0.0 |       0 |      93 |   0.0 |  3842
               +---------+---------+-------+---------+---------+-------+---------
           D:1 |       0 |      32 |   0.0 |       0 |      19 |   0.0 |   779
           D:2 |       0 |      69 |   0.0 |       0 |      21 |   0.0 |  1067
           D:3 |       0 |     183 |   0.0 |       0 |      27 |   0.0 |  1054
           D:4 |       0 |     339 |   0.0 |       0 |      26 |   0.0 |   681
               +---------+---------+-------+---------+---------+-------+---------
